 Dungeon Crawl Stone Soup version 0.18-a0-1225-g5d63bca (webtiles) character file.

97 Scytalen the Slasher (level 4, -6/35 HPs)
             Began as a Demonspawn Chaos Knight on Feb 3, 2016.
             Killed from afar by Natasha (8 damage)
             ... with a magic dart
             ... on level 2 of the Dungeon.
             The game lasted 00:05:05 (984 turns).

Scytalen the Slasher (Demonspawn Chaos Knight)       Turns: 984, Time: 00:05:05

Health: -6/35      AC:  5    Str: 12    XL:     4   Next: 42%
Magic:  0/4        EV: 11    Int: 13    God:    Xom [..*...]
Gold:   93         SH:  0    Dex: 14    Spells: 0 memorised, 3 levels left

rFire  . . .     SeeInvis .     a - +0 falchion (chaos)
rCold  . . .     Gourm    .     b - +2 leather armour
rNeg   . . .     Faith    .     (no shield)
rPois  .         Spirit   +     (no helmet)
rElec  .         Dismiss  .     (no cloak)
rCorr  .         Reflect  .     (no gloves)
SustAt .         Harm     .     (no boots)
MR     .....                    (no amulet)
Stlth  +.........               (no ring)
                                (no ring)

@: flying, not resistant to hostile enchantments, very unstealthy
A: foul stench 1, magic shield, rot immunity
a: Renounce Religion


You were on level 2 of the Dungeon.
You worshipped Xom.
You were a toy of Xom.
You were not hungry.

You visited 1 branch of the dungeon, and saw 2 of its levels.

You collected 93 gold pieces.

Inventory:

Hand Weapons
 a - a +0 falchion of chaos (weapon)
Missiles
 g - 5 stones (quivered)
Armour
 b - a +2 leather armour (worn)
Scrolls
 h - 2 scrolls of remove curse {unknown}
 i - 2 scrolls of identify {unknown}
 j - a scroll of amnesia {unknown}
Potions
 f - a potion of curing
 k - 2 potions of flight
 l - a potion of lignification {unknown}
 m - a potion of brilliance {unknown}
 n - a potion of mutation {unknown}
Comestibles
 c - a bread ration
 d - 10 chunks of flesh


   Skills:
 - Level 3.0 Fighting
 + Level 4.8 Long Blades
 - Level 1.7 Armour
 - Level 0.8 Dodging


You had 3 spell levels left.
You didn't know any spells.

Dungeon Overview and Level Annotations

Branches:
Dungeon (2/15)

Altars:

Annotations:
D:2 Natasha


Innate Abilities, Weirdness & Mutations

You may emit foul miasma when damaged in melee.
When hurt, damage is shared between your health and your magic reserves.
You are immune to rotting.


Message History

* * * LOW HITPOINT WARNING * * *
You take 4 damage, and have 6/35 hp.
You hit Natasha but do no damage.
Natasha is heavily wounded.
Natasha barely misses you.
You hit Natasha. You burn Natasha.
Natasha is almost dead.
Natasha completely misses you.
You barely miss Natasha.
Natasha is almost dead.
Natasha mumbles some strange words.
You feel disoriented. Natasha claws you.
* * * LOW HITPOINT WARNING * * *
You take 5 damage, and have 2/35 hp.
You now have 0/4 mp.
You closely miss Natasha.
Natasha is almost dead.
Natasha stares at you and mumbles some strange words.
The magic dart hits you!
You die...

......########h...#
...... #..#.#
....... #....#
....... #.#รท.#
..(....### #.#.>#
.........#####.##.#
..........h...#.#
.......h#######.#
.......@# #.#
........# #.#
#.......# #.#
#.......# #.#
#.####### ####.# +
#....# #.####
####....# #####
#.....#.###...#


You could see Natasha.

Vanquished Creatures
  Natasha (twice) (D:2)
  An ooze (D:1)
  3 giant cockroaches
  10 goblins
  2 hobgoblins (D:1)
  8 jackals
  4 ball pythons
  5 bats
  4 kobolds (D:1)
  5 rats
44 creatures vanquished.

Notes
Turn   | Place    | Note
--------------------------------------------------------------
     0 | D:1      | Scytalen the Demonspawn Chaos Knight began the quest for the Orb.
     0 | D:1      | Reached XP level 1. HP: 18/18 MP: 1/1
   183 | D:1      | Gained mutation: You are immune to rotting. [demonic ancestry]
   183 | D:1      | Reached XP level 2. HP: 21/24 MP: 2/2
   260 | D:1      | XOM: silly message
   291 | D:1      | XOM: potion effect (berserk rage)
   500 | D:1      | Gained mutation: You may emit foul miasma when damaged in melee. [demonic ancestry]
   500 | D:1      | Reached XP level 3. HP: 29/29 MP: 3/3
   747 | D:1      | XOM: divination: detect creatures
   770 | D:1      | XOM: divination: detect creatures
   795 | D:2      | Reached skill level 4 in Long Blades
   886 | D:2      | Noticed Natasha
   912 | D:2      | Killed Natasha
   912 | D:2      | Gained mutation: When hurt, damage is shared between your health and your magic reserves. [demonic ancestry]
   912 | D:2      | Reached XP level 4. HP: 28/35 MP: 4/4
   935 | D:2      | Noticed Natasha
   939 | D:2      | XOM: enchant monster (good)
   949 | D:2      | Killed Natasha
   962 | D:2      | Noticed Natasha
   984 | D:2      | Killed from afar by Natasha

Vault maps used:
D:1:      dpeg_arrival_lava_altar
D:2:      bloody_trog, overflow_temple_1_default, ecumenical_altar_1,
          first_bread, uniq_natasha, uniq_robin

Action                   |  1- 3 |  4- 6 || total
-------------------------+-------+-------++-------
Melee: Falchion          |    89 |    13 ||   102
Throw: Javelin           |    18 |     4 ||    22
       Stone             |     1 |     1 ||     2
  Use: Potion            |       |     2 ||     2
 Stab: Paralysed         |     2 |       ||     2
  Eat: Chunk             |     1 |       ||     1
